 Dungeon Sprint DCSS version 0.18.1-6-gd335043 (webtiles) character file.

2048 Hipnos the Unseen (level 9, -2/39 HPs)
             Began as a Spriggan Enchanter on May 20, 2016.
             Was an Elder of Sif Muna.
             Killed by drain life
             ... invoked by a soul eater
             ... summoned by a kobold demonologist
              (14 damage)
             ... in the Dungeon (Sprint I: "Red Sonja").
             The game lasted 00:02:22 (248 turns).

Hipnos the Unseen (Spriggan Enchanter)               Turns: 248, Time: 00:02:23

Health: -2/39      AC:  2    Str:  4    XL:     9   Next: 4%
Magic:  16/22      EV: 22    Int: 20    God:    Sif Muna [****..]
Gold:   556        SH:  0    Dex: 16    Spells: 3 memorised, 19 levels left

rFire  . . .     SeeInvis +     i - +0 short sword (venom)
rCold  . . .     Gourm    .     l - +0 robe {MR+}
rNeg   . . .     Faith    .     (shield restricted)
rPois  .         Spirit   .     (helmet restricted)
rElec  .         Dismiss  .     (no cloak)
rCorr  .         Reflect  .     (gloves unavailable)
SustAt .         Harm     .     (boots unavailable)
MR     ++...     NoTele   +     (no amulet)
Stlth  ++++++++..               (no ring)
                                (no ring)

@: drained, very quick, very resistant to hostile enchantments, extraordinarily
stealthy
A: unfitting armour, see invisible, herbivore 3, speed 3, slow metabolism 2
a: Channel Energy, Forget Spell, Renounce Religion


You were in the Dungeon.
You worshipped Sif Muna.
Sif Muna was greatly pleased with you.
You were not hungry.

You visited 1 branch You collected 633 gold pieces.
You spent 77 gold pieces at shops.

Inventory:

Hand Weapons
 a - a +1 dagger
 i - a +0 short sword of venom (weapon)
Armour
 b - a +1 robe
 l - a +0 robe of magic resistance (worn)
Scrolls
 j - 2 scrolls of blinking
 k - a scroll of remove curse {unknown}
Potions
 e - a potion of curing
 f - a potion of heal wounds
 g - a potion of haste
 h - 2 potions of magic
Books
 c - a book of Maledictions

   Spells                             Type                      Level
   a - Corona                         Hexes                        1
   b - Ensorcelled Hibernation        Hexes/Ice                    2
   c - Confuse                        Hexes                        3
   d - Tukima's Dance                 Hexes                        3
   e - Dazzling Spray                 Conjuration/Hexes            3
Comestibles
 d - a bread ration


   Skills:
 + Level 0.1(0.0) Fighting
 + Level 3.6(3.1) Short Blades
 + Level 7.5(7.0) Dodging
 * Level 19.1(18.4) Stealth
 * Level 8.9(8.4) Spellcasting
 * Level 14.6(14.0) Hexes
 - Level 0.5(0.1) Ice Magic


You had 19 spell levels left.
You knew the following spells:

 Your Spells              Type           Power        Failure   Level  Hunger
a - Corona                Hex            ######.      1%          1    None
b - Ensorcelled Hibernat  Hex/Ice        #####.       1%          2    None
c - Confuse               Hex            ######..     1%          3    None


Dungeon Overview and Level Annotations

Branches:
Dungeon (1/1)

Altars:
Cheibriados
Dithmenos
Elyvilon
Fedhas
Gozag
Kikubaaqudgha
Makhleb
Nemelex Xobeh
Okawaru
Pakellas
Qazlal
Ru
Sif Muna
Trog
Vehumet
Xom
Yredelemnul
Zin
The Shining One
Jiyva

Shops:
D [[


Innate Abilities, Weirdness & Mutations

You are tiny and cannot use many weapons and most armour.
You have supernaturally acute eyesight.
You are a herbivore.
You cover ground extremely quickly.
You need consume almost no food.


Message History

The kobold demonologist gestures wildly while chanting.
Casting: Ensorcelled Hibernation
Confirm with . or Enter, or press ? or * to list all spells.
Aiming: Ensorcelled Hibernation
Press: ? - help, Shift-Dir - straight line, f/p - kobold demonologist
Aim: a kobold demonologist, wielding a dagger and wearing a robe (chance to defeat MR: 50%)
The kobold demonologist resists with some effort.
The kobold demonologist barely misses you.
The crimson imp blinks!
The soul eater hits you!!
Ouch! That really hurt!
You feel drained.
* * * LOW HITPOINT WARNING * * *
Casting: Ensorcelled Hibernation
Confirm with . or Enter, or press ? or * to list all spells.
Aiming: Ensorcelled Hibernation
Press: ? - help, Shift-Dir - straight line, f/p - kobold demonologist
Aim: a kobold demonologist, wielding a dagger and wearing a robe (chance to defeat MR: 47%)
The kobold demonologist looks drowsy...
The crimson imp barely misses you.
The soul eater draws from the surrounding life force!
You die...

###################
..#.)'..#__#..'.5K#
.)'..#..'..'..#.@.#
#'#####'#__####§3.+
..#...#%#### #####
###..##.# __##'#..+
..†'..._#
._##_.#'##+###
__###'#)#((.)###
#####.####'###)##


You could see a soul eater, a kobold demonologist (sleeping) and a crimson imp.

Vanquished Creatures
  Sonja (D)
  A deep troll (D)
  A kobold demonologist (D)
  A slime creature (D)
  Sigmund (D)
  A yak (D)
  A giant eyeball (D)
  An ogre (D)
  A jelly (D)
  Ijyb (D)
10 creatures vanquished.

Vanquished Creatures (others)
  A gargoyle (D)
1 creature vanquished.

Grand Total: 11 creatures vanquished

Notes
Turn   | Place    | Note
--------------------------------------------------------------
     0 | D        | Hipnos the Spriggan Enchanter began the quest for the Orb.
     0 | D        | Reached XP level 1. HP: 9/9 MP: 5/5
     1 | D        | Noticed Ijyb
     9 | D        | Killed Ijyb
     9 | D        | Reached skill level 6 in Stealth
     9 | D        | Reached skill level 5 in Hexes
     9 | D        | Reached XP level 2. HP: 13/13 MP: 5/7
    42 | D        | Learned a level 2 spell: Ensorcelled Hibernation
    42 | D        | Noticed an ogre
    45 | D        | Killed an ogre
    45 | D        | Reached skill level 9 in Stealth
    45 | D        | Reached XP level 3. HP: 16/16 MP: 8/10
    45 | D        | Reached XP level 4. HP: 21/21 MP: 8/11
    58 | D        | Learned a level 3 spell: Confuse
    72 | D        | Noticed Sigmund
    75 | D        | Killed Sigmund
    75 | D        | Reached skill level 5 in Dodging
    75 | D        | Reached skill level 11 in Stealth
    75 | D        | Reached skill level 10 in Hexes
    75 | D        | Reached XP level 5. HP: 24/24 MP: 11/14
    89 | D        | Found a deep blue altar of Sif Muna.
    91 | D        | Found a radiant altar of Vehumet.
    95 | D        | Became a worshipper of Sif Muna the Loreminder
    97 | D        | Reached skill level 12 in Stealth
    97 | D        | Reached XP level 6. HP: 28/28 MP: 14/16
   130 | D        | Found Muox's Antique Armour Emporium.
   130 | D        | Found a white marble altar of Elyvilon.
   130 | D        | Found a stormy altar of Qazlal.
   130 | D        | Found a burning altar of Makhleb.
   130 | D        | Found a sacrificial altar of Ru.
   130 | D        | Found an oddly glowing altar of Pakellas.
   130 | D        | Found a basalt altar of Yredelemnul.
   130 | D        | Found a glowing golden altar of the Shining One.
   130 | D        | Found a sparkling altar of Nemelex Xobeh.
   130 | D        | Found a shimmering altar of Xom.
   130 | D        | Found an opulent altar of Gozag.
   130 | D        | Found an ancient bone altar of Kikubaaqudgha.
   130 | D        | Found a glowing silver altar of Zin.
   130 | D        | Noticed a yak
   131 | D        | Found an iron altar of Okawaru.
   132 | D        | Killed a yak
   132 | D        | Reached * piety under Sif Muna
   132 | D        | Reached skill level 13 in Stealth
   133 | D        | Found a bloodstained altar of Trog.
   144 | D        | Noticed Sonja
   148 | D        | Killed Sonja
   148 | D        | Reached ** piety under Sif Muna
   148 | D        | Reached skill level 16 in Stealth
   148 | D        | Reached XP level 7. HP: 32/32 MP: 17/19
   148 | D        | Reached XP level 8. HP: 36/36 MP: 17/20
   162 | D        | Noticed a deep troll
   171 | D        | Killed a deep troll
   171 | D        | Reached *** piety under Sif Muna
   171 | D        | Reached skill level 17 in Stealth
   182 | D        | Found Cytita Ampi's Armour Emporium.
   187 | D        | Bought a +0 robe of magic resistance for 77 gold pieces
   199 | D        | Killed a gargoyle
   225 | D        | Found a snail-covered altar of Cheibriados.
   225 | D        | Found a viscous altar of Jiyva.
   225 | D        | Found a shadowy altar of Dithmenos.
   225 | D        | Found a blossoming altar of Fedhas.
   225 | D        | Noticed a slime creature
   228 | D        | Killed a slime creature
   228 | D        | Reached skill level 18 in Stealth
   240 | D        | Noticed a kobold demonologist
   241 | D        | Noticed a kobold demonologist
   245 | D        | Killed a kobold demonologist
   245 | D        | Reached **** piety under Sif Muna
   245 | D        | Reached skill level 19 in Stealth
   245 | D        | Reached XP level 9. HP: 39/39 MP: 22/22
   247 | D        | Noticed a soul eater
   248 | D        | Killed from afar by a soul eater

Skill      XL: |  1  2  3  4  5  6  7  8 |
---------------+-------------------------+-----
Stealth        | 6 9 11 12 16 19 | 19.1
Spellcasting   | 3 4 6 7 8 |  8.9
Hexes          | 5 8 10 13 14 | 14.6
Dodging        | 4 5 6 7 |  7.5
Short Blades   | 2 3 |  3.6
Fighting       | |  0.1
Ice Magic      | |  0.5

Action                   |  1- 3 |  4- 6 |  7- 9 || total
-------------------------+-------+-------+-------++-------
Melee: Dagger            |     7 |     4 |       ||    11
       Short sword       |       |       |     4 ||     4
 Cast: Ensorcelled Hiber |       |       |     5 ||     5
  Use: Potion            |     1 |       |       ||     1
 Stab: Sleeping          |     1 |     4 |     4 ||     9
Dodge: Dodged            |     4 |       |     3 ||     7
